 Dungeon Crawl Stone Soup version 0.30-a0-335-ge5acde7520 (webtiles) character file.

Game seed: 9674849356083792238

569 porpoise the Poker (level 7, 0/56 HPs)
             Began as a Demonspawn Gladiator on Oct 31, 2022.
             Succumbed to an orc wizard's poison
             ... on level 4 of the Dungeon.
             The game lasted 00:10:29 (3298 turns).

porpoise the Poker (Demonspawn Gladiator)           Turns: 3298, Time: 00:10:30

Health: 0/56       AC: 19    Str: 16    XL:     7   Next: 11%
Magic:  7/7        EV: 11    Int:  9    God:
Gold:   173        SH:  0    Dex: 15    Spells: 6/6 levels left

rFire   . . .      SeeInvis .    a - +1 trident (protect)
rCold   . . .      Faith    .    (no shield)
rNeg    . . .      Spirit   .    h - +0 ring mail
rPois   .          Reflect  .    (helmet restricted)
rElec   .          Harm     .    k - +0 cloak
rCorr   +          Rampage  .    z - +0 pair of gloves
Will    .....                    (no boots)
Stlth   +.........               (no amulet)
HPRegen 0.29/turn                q - +4 ring of protection
MPRegen 0.20/turn                m - ring of resist corrosion

@: lethally poisoned (0 -> -10), under a protective aura, hasted, very quick
A: horns 1, rugged brown scales 1, foul stench 2, magic regeneration
a: no special abilities


You were on level 4 of the Dungeon.
You visited 1 branch of the dungeon, and saw 4 of its levels.

You collected 173 gold pieces.

Inventory:

Hand Weapons
 a - a +1 trident of protection (weapon)
 b - a +0 trident
Missiles
 c - 3 boomerangs
 d - 3 throwing nets (quivered)
 e - a javelin
 p - 6 atropa-tipped darts
Armour
 h - a +0 ring mail (worn)
 k - a +0 cloak (worn)
 z - a +0 pair of gloves (worn)
Jewellery
 j - a ring of flight
 m - a ring of resist corrosion (right hand)
 q - a +4 ring of protection (left hand)
Wands
 s - a wand of flame (9)
 t - a wand of acid (5)
Scrolls
 f - 4 scrolls of identify
 g - a scroll of magic mapping
 i - a scroll of immolation
 l - 2 scrolls of noise
 o - a scroll of vulnerability {unknown}
 r - a scroll of enchant armour
 v - a scroll of enchant weapon
 y - a scroll of acquirement {unknown}
Potions
 n - a potion of flight
 x - a potion of lignification


   Skills:
 + Level 4.7 Fighting
 * Level 6.3 Polearms
 - Level 1.7 Throwing
 - Level 2.6 Dodging


You had 6 spell levels left.
You didn't know any spells.
Your spell library contained the following spells:

 Spells                   Type           Power      Damage    Failure   Level
 Apportation              Tloc           0%         N/A       61%         1
 Necrotise                Necr           0%         1d4       61%         1
 Sandblast                Erth           0%         2d4       61%         1
 Summon Small Mammal      Summ           0%         N/A       61%         1
 Passwall                 Tmut/Erth      0%         N/A       75%         2
 Stone Arrow              Conj/Erth      0%         3d7       93%         3
 Animate Armour           Summ/Erth      0%         N/A       100%        4
 Manifold Assault         Tloc           0%         N/A       100%        4
 Alistair's Intoxication  Tmut/Pois      0%         N/A       100%        5
 Borgnjor's Vile Clutch   Necr/Erth      0%         N/A       100%        5
 Eringya's Noxious Bog    Tmut/Pois      0%         N/A       100%        6
 Lehudib's Crystal Spear  Conj/Erth      0%         10d2      100%        8


Dungeon Overview and Level Annotations

Branches:
Dungeon (4/15)
 Temple: D:4-7

Altars:
Cheibriados
Dithmenos
Xom

Annotations:
D:3 1 runed translucent door, 12572944's ghost, weakling FeSu


Innate Abilities, Weirdness & Mutations

You have a pair of small horns on your head.
You are partially covered in rugged brown scales. (AC +1, +3% HP)
You sometimes emit foul miasma when damaged in melee.
You regenerate magic rapidly.


Message History

You feel better. Something hits you but does no damage.
You are poisoned.
You closely miss something. Your headbutt misses something.
You feel sick. Something hits you.
You closely miss something.
You feel sick. Something hits you but does no damage.
You are more poisoned.
You hit something.
Your weapon exudes an aura of protection.
Your headbutt misses something.
You feel very sick.
You hear some strange, mumbled words.
Something tries to affect you, but you resist.
You barely miss something. Your headbutt misses something.
You feel sick.
You hear some strange, mumbled words.
A puff of flame appears from out of thin air!
The puff of flame hits you but does no damage.
It was a potion of haste.
You feel yourself speed up.
You feel sick. Something hits you but does no damage.
You are lethally poisoned!
You hit something. Your headbutt misses something.
* * * LOW HITPOINT WARNING * * *
You feel sick. Something hits you.
* * * LOW HITPOINT WARNING * * *
You are more poisoned.
You barely miss something.
* * * LOW HITPOINT WARNING * * *
You feel very sick.
You hit something.
Reactivating autopickup.
You feel a bit more experienced.
* * * LOW HITPOINT WARNING * * *
You feel sick.
* * * LOW HITPOINT WARNING * * *
You feel very sick. The quokka completely misses you.
Items here: ))) [[ †††.
You puncture the quokka!
You kill the quokka!
You die...

...# #...###.#
...# ###..##.#
...# ##....####
...# ###.....###
...#
#########.##...#
######### #+##
..........####.##
#......## ..#
############ #..#
#......#. ...
#...†#
##.###........ .#
#@# #..##........
.# #.#
##..#......#.
#### #.#
##.#####'##. #..#
#.# #...#...#..
#..# #.#
###.#.###.. #..#
#.# #...# #..
#<.# #.#
#######..# ###
##.# #.#
#......>## #..#
#.# #.#######


There were no monsters in sight!

Vanquished Creatures
  Grinder (D:4)
  A jelly (D:4)
  4 orc priests
  2 iguanas (D:4)
  2 orc wizards (D:4)
  6 adders
  2 worms
  A dart slug (D:3)
  8 orcs
  4 ball pythons
  3 bats
  7 endoplasms
  4 giant cockroaches
  6 goblins
  6 hobgoblins
  6 quokkas
  2 frilled lizards
  3 kobolds
  5 rats
73 creatures vanquished.

Notes
Turn   | Place    | Note
-------+----------+-------------------------------------------
     0 | D:1      | porpoise the Demonspawn Gladiator began the quest for the
                  | Orb.
     0 | D:1      | Reached XP level 1. HP: 16/16 MP: 1/1
   192 | D:1      | Reached skill level 3 in Polearms
   566 | D:1      | Gained mutation: You have a pair of small horns on your
                  | head. [demonic ancestry]
   566 | D:1      | Reached XP level 2. HP: 22/22 MP: 2/2
  1061 | D:2      | Got Vomitwut's Secrets of the Petrous Jaunt
  1249 | D:2      | Reached XP level 3. HP: 14/28 MP: 3/3
  1315 | D:2      | Found a snail-covered altar of Cheibriados.
  1569 | D:2      | Reached skill level 4 in Polearms
  1625 | D:2      | Gained mutation: You regenerate magic rapidly. [demonic
                  | ancestry]
  1625 | D:2      | Reached XP level 4. HP: 34/34 MP: 4/4
  1661 | D:3      | Found a shimmering altar of Xom.
  1684 | D:3      | HP: 2/51 [orc priest/divine providence (12)]
  1962 | D:3      | Found a runed translucent door.
  1962 | D:3      | Noticed 12572944's ghost (weakling FeSu)
  2497 | D:4      | Gained mutation: You may rarely emit foul miasma when
                  | damaged in melee. [demonic ancestry]
  2497 | D:4      | Reached XP level 5. HP: 31/41 MP: 5/5
  2547 | D:4      | Found a shadowy altar of Dithmenos.
  2582 | D:4      | Reached skill level 5 in Polearms
  2704 | D:4      | Noticed Grinder
  2714 | D:4      | Paralysed by Grinder for 2 turns
  2728 | D:4      | Killed Grinder
  2729 | D:4      | Gained mutation: You sometimes emit foul miasma when
                  | damaged in melee. [demonic ancestry]
  2729 | D:4      | Reached XP level 6. HP: 19/48 MP: 6/6
  3037 | D:4      | Reached skill level 6 in Polearms
  3278 | D:4      | Gained mutation: You are partially covered in rugged brown
                  | scales. (AC +1, +3% HP) [demonic ancestry]
  3278 | D:4      | Reached XP level 7. HP: 22/56 MP: 7/7
  3297 | D:4      | HP: 1/56 [poisoned by an orc wizard]
  3298 | D:4      | Succumbed to an orc wizard's poison

Illustrated notes

Levels and vault maps discovered:
D:1:      dpeg_arrival_water_temple_mockup, layout_loops_corners
D:2:      layout_basic, serial_curves, eino_curves_02, eino_curves_04,
          eino_curves_04, basic_altar, grunt_ministairs_2
D:3:      layout_loops_ring, mainiacjoe_overflow_cross_hatched,
          ebering_ghost_reflecting_pool
D:4:      layout_basic, nicolae_dithmenos_through_a_glass_darkly, uniq_grinder

Skill      XL: |  1  2  3  4  5  6 |
---------------+-------------------+-----
Polearms       | 3 4 5 6 |  6.3
Fighting       | 3 4 |  4.7
Throwing       | |  1.7
Dodging        | |  2.6

Action                   |  1- 3 |  4- 6 |  7- 9 || total
-------------------------+-------+-------+-------++-------
Melee: Trident           |    88 |   158 |    17 ||   263
       Headbutt          |    11 |    25 |     1 ||    37
       Punch             |       |     3 |       ||     3
Throw: Throwing net      |       |     1 |       ||     1
  Use: Scroll            |       |     7 |       ||     7
       Potion            |       |     4 |     3 ||     7
 Stab: Held in net/web   |       |     1 |       ||     1
Armor: Ring mail         |    20 |    54 |     9 ||    83
       Skin              |       |    20 |       ||    20
Dodge: Dodged            |    33 |    57 |     2 ||    92

Table legend: (Time is in decaauts)
 A = Elapsed time spent in this place.
 B = Non-inter-level travel time spent in this place.
 C = Inter-level travel time spent in this place.
 D = Time resting spent in this place.
 E = Time spent auto-exploring this place.
 F = Levels seen in this place.
 G = Mean time per level.
                   A        B        C        D        E       F      G
               +--------+--------+--------+--------+--------+-----+--------+
         Total |   3313 |   3206 |    107 |    469 |   2064 |   4 |  828.2 |
       Dungeon |   3313 |   3206 |    107 |    469 |   2064 |   4 |  828.2 |
               +--------+--------+--------+--------+--------+-----+--------+

Top non-repeatable levels by time:
     D:1: 967 daAuts
     D:4: 888 daAuts
     D:3: 782 daAuts
     D:2: 673 daAuts
